 Dungeon Crawl Stone Soup version 0.27-a0-1296-g8ece459b43 (console) character file.

Game seed: 8669979114931582943

87647 Hector the Severer (level 16, -26/127 HPs)
             Began as a Formicid Abyssal Knight on June 16, 2021.
             Was a High Priest of Lugonu.
             Killed from afar by a tengu reaver (42 damage)
             ... with a bolt of acid
             ... on level 14 of the Dungeon on June 18, 2021.
             The game lasted 02:26:31 (37949 turns).

Hector the Severer (Formicid Abyssal Knight)       Turns: 37949, Time: 02:26:31

Health: -26/127    AC: 17    Str: 22    XL:     16   Next: 38%
Magic:  3/26       EV:  8    Int: 14    God:    Lugonu [*****.]
Gold:   2488       SH: 11    Dex: 10    Spells: 15/15 levels left

rFire    + . .     SeeInvis +   a - +5 battleaxe (distort)
rCold    . . .     Faith    +   i - +0 kite shield
rNeg     . . .     Spirit   .   d - +0 plate armour
rPois    +         Reflect  .   (helmet unavailable)
rElec    .         Harm     .   e - +1 cloak
rCorr    .         Rampage  .   g - +0 pair of gloves
Will     +....                  f - +0 pair of boots
Stlth    ..........             l - amulet of faith
HPRegen  0.31/turn              P - ring of poison resistance
MPRegen  0.20/turn              F - ring of protection from fire

@: corroded
A: permanent stasis, dig shafts and tunnels, antennae 3, four strong arms
a: Dig, Shaft Self, Renounce Religion, Depart the Abyss, Bend Space, Banish,
Corrupt, Enter the Abyss


You were on level 14 of the Dungeon.
You worshipped Lugonu.
Lugonu was extremely pleased with you.
You visited 3 branches of the dungeon, and saw 22 of its levels.
You visited the Abyss 1 time.

You collected 2518 gold pieces.
You spent 30 gold pieces at shops.

Inventory:

Hand Weapons
 a - a +5 battleaxe of distortion (weapon)
 b - a +0 battleaxe of flaming
 c - a +2 war axe of electrocution
 h - a +1 dire flail of holy wrath
 p - a +0 battleaxe of freezing
 R - a +0 war axe of venom
 S - a +0 battleaxe
Missiles
 j - 8 curare-tipped darts
 t - 3 throwing nets
 w - 87 poisoned darts (quivered)
 z - 9 silver boomerangs
 L - 28 boomerangs
Armour
 d - a +0 plate armour (worn)
 e - a +1 cloak (worn)
 f - a +0 pair of boots (worn)
 g - a +0 pair of gloves (worn)
 i - a +0 kite shield (worn)
 J - +0 acid dragon scales
 M - the +5 pair of gloves of Polish {rN+++ Str-4 Int-3 SInv}
   (You found it on level 6 of the Lair of Beasts)

   It affects your strength (-4).
   It affects your intelligence (-3).
   It renders you almost immune to negative energy.
   It lets you see invisible.
 T - a +1 chain mail of cold resistance
Jewellery
 l - an amulet of faith (around neck)
 v - a ring of fire
 F - a ring of protection from fire (right hand)
 P - a ring of poison resistance (left hand)
Wands
 q - a wand of charming (7)
 x - a wand of digging (6)
 y - a wand of flame (27)
Scrolls
 m - 2 scrolls of magic mapping
 s - a scroll of identify
 K - a scroll of silence
 O - 2 scrolls of fear
Potions
 k - 5 potions of might
 n - a potion of magic
 o - a potion of heal wounds
 r - 2 potions of cancellation
 A - 10 potions of curing
 D - a potion of haste {unknown}
 E - 3 potions of flight
 G - a potion of resistance
 H - 2 potions of ambrosia
 I - a potion of lignification {unknown}
Miscellaneous
 u - a lightning rod (4/4)


   Skills:
 * Level 12.2 Fighting
 * Level 17.1 Axes
 * Level 13.5 Armour
 + Level 2.5 Dodging
 * Level 8.8 Shields
 * Level 13.5 Invocations


You had 15 spell levels left.
You didn't know any spells.
Your spell library contained the following spells:

 Spells                   Type           Power      Damage    Failure   Level
 Animate Skeleton         Necr           0%         N/A       97%         1
 Beastly Appendage        Tmut           0%         N/A       97%         1
 Foxfire                  Conj/Fire      0%         2x1d4     97%         1
 Magic Dart               Conj           0%         1d3       97%         1
 Pain                     Necr           0%         1d4       97%         1
 Summon Small Mammal      Summ           0%         N/A       97%         1
 Call Imp                 Summ           0%         N/A       99%         2
 Poisonous Vapours        Pois/Air       0%         N/A       99%         2
 Slow                     Hex            0%         N/A       99%         2
 Wereblood                Tmut           0%         N/A       99%         2
 Call Canine Familiar     Summ           0%         N/A       100%        3
 Conjure Flame            Conj/Fire      0%         6-21      100%        3
 Inner Flame              Hex/Fire       0%         N/A       100%        3
 Mephitic Cloud           Conj/Pois/Air  0%         N/A       100%        3
 Spider Form              Tmut/Pois      0%         N/A       100%        3
 Summon Guardian Golem    Hex/Summ       0%         N/A       100%        3
 Vampiric Draining        Necr           0%         2d6       100%        3
 Animate Dead             Necr           0%         N/A       100%        4
 Ice Form                 Ice/Tmut       0%         N/A       100%        4
 Sticky Flame             Conj/Fire      0%         2d3       100%        4
 Summon Ice Beast         Ice/Summ       0%         N/A       100%        4
 Summon Lightning Spire   Summ/Air       0%         N/A       100%        4
 Agony                    Necr           0%         N/A       100%        5
 Bolt of Magma            Conj/Fire/Erth 0%         4d4       100%        5
 Fireball                 Conj/Fire      0%         3d3       100%        5
 Freezing Cloud           Conj/Ice/Air   0%         6-21      100%        5
 Iskenderun's Battlesphe  Conj           0%         2d6       100%        5
 Iron Shot                Conj/Erth      0%         9d1       100%        6
 Orb of Destruction       Conj           0%         N/A       100%        7
 Spellforged Servitor     Conj/Summ      0%         N/A       100%        7
 Blink                    Tloc           Unusable   N/A       N/A         2

Dungeon Overview and Level Annotations

Branches:
Dungeon (14/15)            Temple (0/1) D:5            Lair (6/6) D:11
  Swamp (0/4) Lair:3       Spider (0/4) Lair:3        Slime (0/5) Lair:6
    Orc (2/2) D:10            Elf (0/3) Orc:2        Vaults (0/5) D:13

Altars:
Ashenzari
Dithmenos
Fedhas
Gozag
Hepliaklqana
Makhleb
Nemelex Xobeh
Okawaru
Ru
Sif Muna
Wu Jian
Xom
Zin
Beogh
Jiyva

Shops:
Orc:2 ([:*

Portals:
Trove: D:11 (give 8 scrolls of fear)

Annotations:
D:7 2 transporters
D:10 4 runed translucent doors
D:13 exclusion: obsidian statue
Lair:1 exclusion: oklob plant
Lair:4 1 runed translucent door
Abyss:1 Erolcha, Nessos, Rupert, Sigmund


Innate Abilities, Weirdness & Mutations

You cannot be hasted, slowed, berserked, paralysed or teleported.
You can dig through walls and to a lower floor.
You have a pair of large antennae on your head. (SInv)
Your four strong arms can wield two-handed weapons with a shield.


Message History

Something unseen opens the door.
You hit the tengu reaver but do no damage.
The tengu reaver is lightly wounded.
The tengu reaver blinks!
The tengu reaver casts a spell at you. The bolt of acid hits you!!
The acid corrodes you!
You are splashed with acid!
* * * LOW HITPOINT WARNING * * *
The tengu reaver hits you with a +0 glaive!!
* * * LOW HITPOINT WARNING * * *
The tengu reaver pecks you.
* * * LOW HITPOINT WARNING * * *
The tengu reaver claws you but does no damage.
Unknown command.
You feel much better.
The tengu reaver points at you and mumbles some strange words.
The bolt of cold misses you.
Press: ? - help, v - describe, . - travel
Here: a tengu reaver, wielding a +0 glaive and wearing a +0 scale mail (water, lightly wounded) Some deep water.
Unknown command.
Unknown command.
Unknown command.
You slice the tengu reaver!!
Space bends around the tengu reaver.
The tengu reaver is heavily wounded.
The tengu reaver hits you with a +0 glaive!!
* * * LOW HITPOINT WARNING * * *
The tengu reaver pecks you but does no damage.
The tengu reaver claws you but does no damage.
Unknown command.
You feel much better.
The tengu reaver hits you with a +0 glaive!!
* * * LOW HITPOINT WARNING * * *
You block the tengu reaver's attack. The tengu reaver claws you.
* * * LOW HITPOINT WARNING * * *
As you read the scroll labelled MIREPR KOUSCHIRPHUN, it crumbles to dust.
Your stasis prevents you from teleporting.
It was a scroll of blinking.
The tengu reaver casts a spell at you. The bolt of acid hits you!!!
You die...

...##..## .(#....#
..#....#
..#....###### ####
###....##...## ##..#
......##..≈..###..≈#
......#..≈≈≈..#..≈≈#
......#.≈≈.≈≈.'.≈Q8#
..#####[.≈≈≈..#.@≈≈#
.##...##..≈..###..≈#
##..≈..'#...## ##..#
#..≈≈≈†.##### ##'#
#.≈≈.≈≈.# ##..#
#..≈≈≈..# #...#
##..≈..## .........#
.'#...## ≈≈≈≈≈..Q.#
..##### ≈≈≈≈≈≈...#


You could see a tengu reaver.

Vanquished Creatures
  Kirke (D:13)
  An orc warlord (Orc:2)
  A fire dragon (Lair:6)
  A great orb of eyes (D:14)
  7 vault guards
  2 boulder beetles
  3 centaur warriors
  A catoblepas (Lair:6)
  3 two-headed ogres
  A death yak (Lair:4)
  Sonja (Lair:1)
  2 orc high priests
  Nergalle (Lair:1)
  A fire crab (D:14)
  A swamp dragon (Lair:6)
  An orc knight (Orc:1)
  4 deep elf pyromancers
  2 wolf spiders (Lair:6)
  3 cyclopes
  2 manticores (D:14)
  A moth of wrath (shapeshifter) (D:14)
  An ugly thing (D:13)
  8 orc sorcerers (Orc:2)
  2 oklob plants (Lair:1)
  3 centaur zombies
  10 black mambas
  4 torpor snails
  22 cane toads
  9 komodo dragons
  A komodo dragon (shapeshifter) (D:13)
  2 rime drakes
  9 trolls
  A demonic crawler (Lair:6)
  A jumping spider (Lair:3)
  2 hornets (Lair:6)
  21 blink frogs
  3 polar bears
  6 dream sheep (Lair:4)
  54 yaks
  9 wyverns
  A water elemental (D:14)
  8 basilisks
  A redback (Lair:6)
  4 wraiths
  2 steam dragons (Lair:6)
  Eustachio (D:3)
  3 vampire mosquitoes
  4 swamp worms
  2 wargs (Orc:2)
  4 acid dragons
  18 water moccasins
  4 swamp drakes (Lair:6)
  36 orc warriors
  6 black bears
  3 boggarts (D:14)
  5 ogres
  21 wolves
  A centaur (D:6)
  A necrophage (D:7)
  2 kobold brigands
  13 bullfrogs
  A gnoll sergeant (D:12)
  2 scorpions (D:6)
  An electric eel (D:14)
  4 howler monkeys
  A crimson imp (D:4)
  A hound (D:6)
  9 jellies
  3 gnoll shamans
  13 orc priests
  5 hell rats (Lair:3)
  6 iguanas
  16 orc wizards
  19 gnolls
  3 adders
  A shadow imp (D:5)
  2 white imps
  2 ufetubi (D:5)
  2 worms (D:2)
  2 dart slugs (D:2)
  85 orcs
  2 ball pythons (D:4)
  22 endoplasms
  3 giant cockroaches
  16 goblins
  14 hobgoblins
  12 jackals
  5 quokkas
  9 bats
  6 frilled lizards
  9 kobolds
  3 rats
627 creatures vanquished.

Vanquished Creatures (others)
  7 humans (D:13)
  99 fungi
  139 plants
  11 toadstools (Lair:4)
256 creatures vanquished.

Grand Total: 883 creatures vanquished

Notes
Turn   | Place    | Note
-------+----------+-------------------------------------------
     0 | Abyss:1  | Hector the Formicid Abyssal Knight began the quest for the
                  | Orb.
     0 | Abyss:1  | Reached XP level 1. HP: 18/18 MP: 2/2
     2 | D:1      | Escaped the Abyss
    57 | D:1      | Reached XP level 2. HP: 23/24 MP: 3/3
   516 | D:1      | Reached ** piety under Lugonu
   535 | D:1      | Reached XP level 3. HP: 19/30 MP: 4/4
   796 | D:1      | Reached skill level 1 in Dodging
  1471 | D:2      | Reached XP level 4. HP: 37/37 MP: 6/6
  1514 | D:2      | Found a faded altar of an unknown god.
  1637 | D:2      | Reached *** piety under Lugonu
  1933 | D:3      | Reached skill level 3 in Axes
  2166 | D:3      | Found a sparkling altar of Nemelex Xobeh.
  2200 | D:3      | You fall into a shaft and drop 2 floors!
  2200 | D:5      | Entered Level 5 of the Dungeon
  2229 | D:5      | Reached XP level 5. HP: 38/42 MP: 7/7
  2711 | D:5      | Found a staircase to the Ecumenical Temple.
  2724 | D:5      | Reached skill level 4 in Axes
  3251 | D:3      | Reached XP level 6. HP: 48/48 MP: 8/8
  3485 | D:4      | Reached **** piety under Lugonu
  3794 | D:4      | Noticed Eustachio
  3937 | D:4      | Found a blossoming altar of Fedhas.
  3937 | D:4      | Found an iron altar of Okawaru.
  4152 | D:3      | Killed Eustachio
  4153 | D:3      | Reached skill level 5 in Axes
  4153 | D:3      | Reached XP level 7. HP: 46/53 MP: 10/10
  4288 | D:4      | Found a burning altar of Makhleb.
  4288 | D:4      | Found a shimmering altar of Xom.
  4586 | D:4      | Reached skill level 6 in Axes
  5001 | D:4      | Found a shimmering blue altar of Sif Muna.
  5881 | D:6      | Reached skill level 5 in Invocations
  5950 | D:6      | Noticed a troll
  5954 | D:6      | Reached XP level 8. HP: 54/60 MP: 11/11
  6242 | D:6      | Reached skill level 7 in Axes
  6308 | D:6      | Banished a troll
  6391 | D:6      | Noticed Sigmund
  6393 | D:6      | Banished Sigmund
  6559 | D:6      | Found an opulent altar of Gozag.
  6876 | D:7      | Reached skill level 8 in Axes
  6876 | D:7      | Reached XP level 9. HP: 59/66 MP: 13/13
  7068 | D:7      | Found a transporter.
  7543 | D:7      | Reached skill level 5 in Armour
  7648 | D:7      | Found a transporter.
  7686 | D:7      | Found a sacrificial altar of Ru.
  7800 | D:7      | Reached skill level 5 in Fighting
  8135 | D:7      | Found a glowing silver altar of Zin.
  8135 | D:7      | Found a broken altar of Ashenzari.
  8136 | D:7      | Found an ornate altar of the Wu Jian Council.
  8186 | D:8      | Found a hazy altar of Hepliaklqana.
  8258 | D:8      | Noticed a centaur warrior
  8261 | D:8      | Found a shadowy altar of Dithmenos.
  8272 | D:8      | Killed a centaur warrior
  8273 | D:8      | Reached skill level 9 in Axes
  8273 | D:8      | Reached XP level 10. HP: 40/76 MP: 15/15
  8474 | D:8      | Found an iron altar of Okawaru.
  8474 | D:8      | Noticed a deep elf pyromancer
  8483 | D:8      | Killed a deep elf pyromancer
  8623 | D:8      | Found a shadowy altar of Dithmenos.
  9095 | D:8      | Reached skill level 10 in Axes
  9537 | D:9      | Noticed a two-headed ogre
  9546 | D:9      | Killed a two-headed ogre
  9928 | D:8      | Reached XP level 11. HP: 41/83 MP: 17/17
 11044 | D:10     | Entered Level 10 of the Dungeon
 11184 | D:10     | Found a staircase to the Orcish Mines.
 11206 | D:10     | Reached skill level 11 in Axes
 11727 | D:10     | Found a huge runed translucent gate.
 11822 | D:10     | Found a huge runed translucent gate.
 11822 | D:10     | Found a huge runed translucent gate.
 11822 | D:10     | Found a huge runed translucent gate.
 11822 | D:10     | Noticed a death yak
 11822 | D:10     | Noticed a manticore
 11822 | D:10     | Noticed a manticore
 12303 | D:11     | Noticed a two-headed ogre
 12425 | D:11     | Noticed a four-headed hydra
 12428 | D:11     | Banished a four-headed hydra
 12429 | D:11     | Reached skill level 1 in Shields
 12484 | D:11     | Noticed a cyclops
 12497 | D:11     | Banished a cyclops
 12907 | D:11     | Found a staircase to the Lair.
 13178 | D:11     | Killed a two-headed ogre
 13288 | D:11     | Found a portal to a secret trove of treasure.
 13393 | Lair:1   | Entered Level 1 of the Lair of Beasts
 13393 | Lair:1   | Noticed a five-headed hydra
 13643 | D:11     | Banished a five-headed hydra
 13836 | Lair:1   | Reached skill level 10 in Invocations
 13859 | Lair:1   | Reached XP level 12. HP: 77/91 MP: 19/19
 13960 | Lair:1   | Reached skill level 12 in Axes
 14060 | Lair:1   | Noticed Nergalle
 14074 | Lair:1   | Killed Nergalle
 14075 | Lair:1   | Reached skill level 10 in Armour
 14323 | Lair:1   | Noticed a seven-headed hydra
 14485 | Lair:1   | Banished a seven-headed hydra
 14737 | Lair:1   | Noticed Sonja
 14757 | Lair:1   | Killed Sonja
 16154 | Lair:2   | Reached skill level 13 in Axes
 17114 | Lair:2   | Reached XP level 13. HP: 83/99 MP: 20/20
 18279 | Lair:3   | Found a hole to the Spider Nest.
 18888 | Lair:3   | Found a staircase to the Swamp.
 19585 | Lair:4   | Noticed a four-headed hydra
 19590 | Lair:4   | Banished a four-headed hydra
 19865 | Lair:4   | Reached skill level 5 in Shields
 20256 | Lair:4   | Noticed a four-headed hydra
 20257 | Lair:4   | Banished a four-headed hydra
 20456 | Lair:4   | Reached skill level 14 in Axes
 21716 | Lair:4   | Noticed a catoblepas
 21737 | Lair:4   | Found a runed translucent door.
 22179 | Lair:5   | Reached XP level 14. HP: 109/109 MP: 22/22
 23189 | Lair:5   | Reached skill level 10 in Fighting
 24045 | Lair:6   | Entered Level 6 of the Lair of Beasts
 24302 | Lair:6   | Reached ***** piety under Lugonu
 25101 | Lair:6   | Reached skill level 15 in Axes
 27295 | Lair:6   | Identified the +5 pair of gloves of Polish {rN+++ Str-4
                  | Int-3 SInv}
 29046 | Lair:6   | Reached XP level 15. HP: 103/117 MP: 24/24
 29729 | Lair:6   | Found a viscous altar of Jiyva.
 29729 | Lair:6   | Found a staircase to the Slime Pits.
 29924 | D:12     | Noticed Erolcha
 29925 | D:12     | Banished Erolcha
 31167 | Orc:1    | Entered Level 1 of the Orcish Mines
 31759 | Orc:1    | Reached skill level 16 in Axes
 32480 | Orc:1    | Reached ****** piety under Lugonu
 32852 | Orc:2    | Entered Level 2 of the Orcish Mines
 32937 | Orc:2    | Found Heopryu's Book Emporium.
 33220 | Orc:2    | Found Judiere's General Store.
 33328 | Orc:2    | Bought a scroll of identify for 30 gold pieces
 33402 | Orc:2    | Found a burning altar of Makhleb.
 33593 | Orc:2    | Found a staircase to the Elven Halls.
 33621 | Orc:2    | Noticed an orc warlord
 33655 | Orc:2    | Killed an orc warlord
 33863 | Orc:2    | Found Ischuemug's Antique Armour Shoppe.
 34108 | Orc:2    | Found Muts's Antique Weapon Emporium.
 35041 | D:13     | Noticed Kirke
 35080 | D:13     | Found a gate to the Vaults.
 35420 | D:12     | Identified a +5 battleaxe of distortion (a +3 battleaxe of
                  | draining corrupted by Lugonu)
 35420 | D:12     | Received a gift from Lugonu
 35808 | D:13     | Noticed Rupert
 35812 | D:13     | Banished Rupert
 35829 | D:13     | Killed Kirke
 35830 | D:13     | Reached XP level 16. HP: 111/127 MP: 12/25
 36753 | D:14     | Noticed Nessos
 36767 | D:14     | Banished Nessos
 37152 | D:14     | Reached skill level 17 in Axes
 37920 | D:14     | Noticed a tengu reaver
 37949 | D:14     | Killed from afar by a tengu reaver

Illustrated notes

Levels and vault maps discovered:
D:1:      saegor_arrival_simple_d, layout_loops_ring
D:2:      layout_basic, ebering_ecumenical_altar_webs
D:3:      cheibrodos_greedy_goblins, layout_loops_ring, lemuel_tele_altar
D:4:      layout_layer_cave, grunt_temple_overflow_champion_of_chaos,
          kennysheep_mini_moat, chequers_temple_overflow_statue_of_worship,
          uniq_eustachio
D:5:      layout_loops_ring, minmay_temple_entry_poolview
D:6:      layout_basic, nicolae_gozag_cash_rules_everything_around_me,
          uniq_sigmund
D:7:      gammafunk_cloud_chamber, layout_cave_pools,
          gammafunk_temple_overflow_claw, hangedman_ru_absence, glass_columns_a,
          fountainhead, st_stairs_14
D:8:      layout_cave_pods, lemuel_round_altar,
          nicolae_hepliaklqana_hazy_memory, hangedman_feature_mirror
D:9:      layout_stronghold
D:10:     lemuel_bear_cage, layout_loops_ring, minmay_orc_entry_temple_small
D:11:     layout_cave_pools, lair_entry_dummy, nicolae_trove_entry_diagonal
D:12:     layout_cave_pools, uniq_erolcha
D:13:     layout_roguey, erik_vaults_2, minivault_16, uniq_kirke, uniq_rupert
D:14:     kennysheep_water_balloons, layout_irregular_city, uniq_nessos
Lair:1:   lemuel_slime, layout_chaotic_city, chequers_serial_rivers_small_a,
          infiniplex_staircase_pool_2, serial_bayou_shore_a,
          minmay_lair_oklob_chamber, uniq_nergalle, uniq_sonja
Lair:2:   layout_gridlike, minivault_24, nicolae_lair_grove_arrangements,
          beast_lair_carwin_10
Lair:3:   layout_hall_layers, swamp_mist, spider_nest_entry_rubble
Lair:4:   gammafunk_lair_enchanted_lake, layout_regular_city,
          grunt_megastairs_5, lemuel_fruit_tree, lemuel_fruit_fields
Lair:5:   layout_small_grid
Lair:6:   guppyfry_lair_end_dragon, layout_cave_pods,
          hangedman_lair_tendril_chambers, dpeg_slime_entry_enclosed_altar,
          worms_lemuel
Orc:1:    layout_caves, basic_altar
Orc:2:    grunt_orc_gardens, layout_caves, grunt_orc_garden, grunt_orc_garden,
          grunt_orc_garden, grunt_orc_garden, basic_altar, bloody_makhleb

Skill      XL: |  1  2  3  4  5  6  7  8  9 10 11 12 13 14 15 16 |
---------------+-------------------------------------------------+-----
Dodging        | 1 2 |  2.5
Invocations    | 3 4 5 6 7 8 10 11 12 13 | 13.5
Axes           | 3 4 5 6 8 9 10 11 13 14 15 16 17 | 17.1
Fighting       | 4 5 6 7 8 9 10 11 12 | 12.2
Armour         | 3 4 6 8 9 11 12 13 | 13.5
Shields        | 2 3 5 7 8 |  8.8

Action                   |  1- 3 |  4- 6 |  7- 9 | 10-12 | 13-15 | 16-18 || total
-------------------------+-------+-------+-------+-------+-------+-------++-------
Melee: Hand axe          |   107 |   161 |   232 |       |       |       ||   500
       War axe           |       |       |    19 |   392 |       |       ||   411
       Battleaxe         |       |       |       |   103 |  1555 |   111 ||  1769
Throw: Dart              |       |       |       |     5 |     1 |    16 ||    22
Invok: Banish            |       |       |     4 |    16 |    16 |     7 ||    43
       Brand Weapon With |       |       |       |       |     1 |       ||     1
 Abil: Dig               |       |    12 |    21 |    29 |    63 |    10 ||   135
Evoke: Lightning rod     |       |       |       |       |     4 |       ||     4
       Wand              |       |       |       |       |       |     2 ||     2
  Use: Scroll            |     1 |     5 |     8 |     5 |     7 |     1 ||    27
       Potion            |       |       |       |       |       |     2 ||     2
 Stab: Sleeping          |     1 |       |       |       |       |       ||     1
       Petrified         |       |       |       |       |     7 |     1 ||     8
       Distracted        |       |       |       |       |     1 |       ||     1
Armor: Leather armour    |     8 |       |       |       |       |       ||     8
       Scale mail        |    33 |    89 |    49 |       |       |       ||   171
       Plate armour      |       |       |    60 |   261 |   621 |    66 ||  1008
Dodge: Dodged            |    47 |    78 |    90 |   113 |   334 |    23 ||   685
Block: Buckler           |       |       |       |    45 |   156 |       ||   201
       Kite shield       |       |       |       |       |   217 |    56 ||   273

Table legend: (Time is in decaauts)
 A = Elapsed time spent in this place.
 B = Non-inter-level travel time spent in this place.
 C = Inter-level travel time spent in this place.
 D = Time resting spent in this place.
 E = Time spent auto-exploring this place.
 F = Levels seen in this place.
 G = Mean time per level.
                   A        B        C        D        E       F      G
               +--------+--------+--------+--------+--------+-----+--------+
         Total |  38103 |  36003 |   2100 |  14320 |   9322 |  23 | 1656.7 |
       Dungeon |  18013 |  16684 |   1329 |   4684 |   5986 |  14 | 1286.6 |
          Lair |  16324 |  15629 |    695 |   8060 |   2965 |   6 | 2720.7 |
  Orcish Mines |   3764 |   3689 |     75 |   1575 |    370 |   2 | 1882.0 |
         Abyss |      2 |      2 |      0 |      0 |      0 |   1 |    2.0 |
               +--------+--------+--------+--------+--------+-----+--------+

Top non-repeatable levels by time:
  Lair:6: 4782 daAuts
  Lair:4: 2864 daAuts
  Lair:5: 2710 daAuts
  Lair:1: 2221 daAuts
  Lair:2: 2108 daAuts
   Orc:2: 2063 daAuts
     D:4: 1855 daAuts
   Orc:1: 1700 daAuts
    D:11: 1680 daAuts
  Lair:3: 1636 daAuts
    D:14: 1534 daAuts
     D:5: 1530 daAuts
     D:9: 1492 daAuts
    D:12: 1471 daAuts
     D:8: 1454 daAuts
